 Dungeon Crawl Stone Soup version 0.16-a0-2150-g7556756 (webtiles) character file.

78433 timbw the Brawler (level 15, -6/138 HPs)
             Began as a Ghoul Monk on Nov 13, 2014.
             Was the Champion of Qazlal.
             Mangled by a tentacled monstrosity (9 damage)
             ... in the Vestibule of Hell.
             The game lasted 00:53:02 (10681 turns).

timbw the Brawler (Ghoul Monk)                     Turns: 10681, Time: 00:53:03

Health: -6/138     AC: 19    Str: 21 (22) XL:     15   Next: 60%
Magic:  11/11      EV: 15    Int:  5      God:    Qazlal [******]
Gold:   600        SH: 19    Dex: 14 (16) Spells: 0 memorised, 14 levels left

rFire  + . .     SeeInvis .       - Unarmed
rCold  + . .     Clarity  .     l - +1 swamp dragon armour
rNeg   + + +     SustAb   .     h - +0 shield
rPois  +         Gourm    .     n - +2 helmet
rElec  .         Spirit   .     E - +0 cloak
rCorr  .         Warding  .     (no gloves)
rMut   .         Stasis   .     (no boots)
MR     +....                    (no amulet)
Stlth  +.........               Q - ring of protection from fire
                                q - +4 ring of protection

@: mighty, about to teleport, protected from physical damage, very slightly
contaminated, rotting, constricted, repel missiles, somewhat resistant to
hostile enchantments, very unstealthy
A: rotting body, claws 1, carnivore 3, cold resistance 1, negative energy
resistance 3, poison resistance, slow healing 1, torment resistance, unbreathing
a: Upheaval, Elemental Force, Disaster Area, Renounce Religion


You were in the Vestibule of Hell.
You worshipped Qazlal.
Qazlal was exalted by your worship.
You were not hungry.

You visited 4 branches of the dungeon, and saw 20 of its levels.

You collected 994 gold pieces.
You spent 394 gold pieces at shops.

Inventory:

Missiles
 J - 3 curare-tipped needles
 O - 5 throwing nets (quivered)
Armour
 h - a +0 shield (worn)
 l - a +1 swamp dragon armour (worn)
 n - a +2 helmet (worn)
 D - the -2 helmet of Wasted Space {+Blink rF+ rC+ MR+ Int+4}
   (You bought it in a shop on level 10 of the Dungeon)

   It affects your intelligence (+4).
   It protects you from fire.
   It protects you from cold.
   It affects your resistance to hostile enchantments.
   It lets you blink.
 E - a +0 cloak (worn)
Jewellery
 m - an uncursed amulet of faith
 q - a +4 ring of protection (left claw)
 C - an uncursed ring of magical power
 Q - a ring of protection from fire (right claw)
Magical devices
 g - a wand of slowing (29)
 i - a wand of random effects (40)
 o - a wand of frost (26)
 v - a wand of slowing (23)
 w - a wand of fire (8)
 B - a wand of slowing (10)
 F - a wand of draining (4)
 H - a wand of cold (8)
 N - a wand of hasting (1)
 S - a wand of teleportation (4)
 V - a wand of digging (9)
Scrolls
 a - 2 scrolls of noise
 j - 2 scrolls of teleportation
 p - 2 scrolls of fog
 y - a scroll of enchant weapon
 G - a scroll of recharging
 K - 3 scrolls of magic mapping
Potions
 c - 5 potions of curing
 d - a potion of confusion
 e - 3 potions of magic
 t - a potion of berserk rage
 x - 2 potions of brilliance
 z - a potion of might
 I - 2 potions of poison
 T - a potion of restore abilities
Books
 k - the Volume of Aid
   (You found it on level 5 of the Dungeon)

   Spells                             Type                      Level
   Infusion                           Charms                       1
   Iskenderun's Battlesphere          Conjuration/Charms           5
   Haste                              Charms                       6
   Ring of Flames                     Charms/Fire                  7
Miscellaneous
 s - a lantern of shadows
Comestibles
 b - 4 chunks of flesh
 r - 20 royal jellies
 u - 6 meat rations
 A - a slice of pizza
 P - 4 beef jerkies


   Skills:
 + Level 14.1 Fighting
 + Level 12.0 Dodging
 - Level 2.1 Stealth
 + Level 8.9 Shields
 * Level 18.9 Unarmed Combat


You had 14 spell levels left.
You didn't know any spells.

Dungeon Overview and Level Annotations

Branches:
Dungeon (10/15)            Temple (1/1) D:6            Lair (8/8) D:10
  Swamp (0/5) Lair:6        Snake (0/5) Lair:5         Hell (1/1)
    Coc (0/7) Hell
  Slime: Lair:6-8       Orc: D:9-12         Dis: Hell:1         Geh: Hell:1
    Tar: Hell:1

Altars:
Ashenzari
Cheibriados
Dithmenos
Makhleb
Nemelex Xobeh
Qazlal
Ru
Sif Muna
Vehumet
Yredelemnul
Zin

Shops:
D:8 *   D:10 [

Portals:
Hell: Lair:8


Innate Abilities, Weirdness & Mutations

Your body is rotting away.
You thrive on raw meat.
You have sharp fingernails.
You are carnivorous and can eat meat at any time.
Your flesh is cold resistant.
You are immune to negative energy.
Your system is resistant to poisons.
You heal slowly when monsters are visible.
You are immune to unholy pain and torment.
You can survive without breathing.


Message History

Unknown command.
You escape the tentacled monstrosity's grasp.
Items here: )) [[ † a glowing great mace; a chain mail; a glowing long sword; a plate armour a human corpse Read which item? (? for menu, Esc to quit)
As you read the scroll of teleportation, it crumbles to dust.
You feel strangely unstable.
You block the tentacled monstrosity's attack. x2
The tentacled monstrosity tentacle-slaps you but does no damage.
The tentacled monstrosity grabs you.
* * * LOW HITPOINT WARNING * * *
The tentacled monstrosity constricts you.
Your attempt to break free from the tentacled monstrosity fails, but you feel that another attempt might succeed.
The tentacled monstrosity tentacle-slaps you.
* * * LOW HITPOINT WARNING * * *
The tentacled monstrosity tentacle-slaps you.
* * * LOW HITPOINT WARNING * * *
You block the tentacled monstrosity's attack.
You die...

### ##r##
##)#X##
##r###@##
###.##
##.#
##.)##
##.#
##..## #.#
##...# ##
##....#
##.....#
##......#
##.......#


You could see a tentacled monstrosity and an orange rat.

Vanquished Creatures
  Geryon (Hell)
  A balrug (Hell)
  A reaper (Hell)
  A war gargoyle (Hell)
  An unborn (Hell)
  A dire elephant (Lair:8)
  A blizzard demon (Hell)
  Harold (Lair:5)
  5 hydras
  Erica (Lair:6)
  A hell beast (Hell)
  3 hell hogs (Hell)
  5 sun demons
  An iron golem (Hell)
  4 catoblepae
  4 ice devils (Hell)
  9 hell knights (Hell)
  2 soul eaters (Hell)
  7 skeletal warriors
  An anaconda zombie (Hell)
  6 necromancers
  A wizard (Lair:8)
  2 griffons
  A rust devil (Hell)
  5 elephants
  2 smoke demons
  3 torpor snails
  6 black mambas
  16 spiny frogs
  8 orange demons
  3 fire drakes
  5 komodo dragons
  A queen bee (Lair:5)
  2 red devils
  A tormentor (Hell)
  A hellwing (Lair:8)
  A hydra zombie (Hell)
  7 blue devils
  14 blink frogs
  2 hydra skeletons (Hell)
  A trapdoor spider zombie (D:9)
  A troll (D:10)
  A two-headed ogre (D:9)
  A polar bear (Lair:5)
  2 alligator zombies (Hell)
  A shadow (D:9)
  A trapdoor spider (D:10)
  2 flying skulls (D:9)
  A deep elf mage (D:9)
  7 hippogriffs
  A water elemental (Hell)
  15 wolves
  28 yaks
  3 hungry ghosts
  Edmund (D:4)
  A swamp worm (Lair:6)
  A soldier ant (D:8)
  7 hell hounds
  A hydra simulacrum (Hell)
  2 nagas (Lair:5)
  3 ice beasts
  3 orc warriors (D:9)
  A spiny frog skeleton (Hell)
  6 porcupines
  7 centaurs
  7 water moccasins
  An eye of draining (D:10)
  A phantom (D:10)
  3 black bears
  17 crocodiles
  7 necrophages
  A boring beetle (D:8)
  5 ogres
  3 wyvern zombies (D:9)
  10 giant frogs
  A gnoll sergeant (D:5)
  32 killer bees
  An electric eel (Lair:6)
  4 scorpions
  5 wyvern skeletons (D:9)
  9 wights
  3 giant frog zombies
  A crimson imp (D:7)
  3 goliath beetles
  A yellow wasp zombie (D:9)
  A quasit (D:6)
  A jelly (D:8)
  3 orc priests
  3 hounds
  2 giant frog skeletons
  An iron imp (Hell)
  12 iguanas
  10 orange rats (Hell)
  Natasha (twice) (D:5)
  5 orc wizards
  4 worker ants
  10 sheep
  6 killer bee zombies
  A hound skeleton (D:8)
  19 adders
  5 gnolls (D:5)
  51 green rats
  A shadow imp (D:9)
  A giant gecko (D:6)
  2 oozes (D:4)
  32 orcs
  6 giant cockroaches
  5 goblins
  9 hobgoblins
  10 kobolds
  A ball python (D:3)
  11 bats
  5 giant newts
  6 jackals
  12 quokkas
  12 rats
  A ballistomycete (D:7)
  21 fungi
  24 plants
646 creatures vanquished.

Vanquished Creatures (others)
  A necromancer (Hell)
  An orc priest (D:7)
  An orc (D:7)
  A giant spore (D:7)
  3 fungi
  2 plants
9 creatures vanquished.

Grand Total: 655 creatures vanquished

Notes
Turn   | Place    | Note
--------------------------------------------------------------
     0 | D:1      | timbw, the Ghoul Monk, began the quest for the Orb.
     0 | D:1      | Reached XP level 1. HP: 19/19 MP: 1/1
   165 | D:1      | Reached XP level 2. HP: 17/26 MP: 2/2
   434 | D:3      | Reached XP level 3. HP: 24/33 MP: 3/3
   467 | D:3      | Reached skill level 5 in Unarmed Combat
   467 | D:3      | Reached XP level 4. HP: 29/40 MP: 3/3
   607 | D:3      | Found a shattered altar of Ashenzari.
   655 | D:3      | Found a radiant altar of Vehumet.
   789 | D:4      | Noticed a centaur
   839 | D:3      | Found a glowing silver altar of Zin.
   955 | D:4      | Killed a centaur
   955 | D:4      | Reached skill level 6 in Unarmed Combat
   955 | D:4      | Reached XP level 5. HP: 21/47 MP: 4/4
  1052 | D:4      | Reached XP level 6. HP: 41/53 MP: 5/5
  1120 | D:5      | Entered Level 5 of the Dungeon
  1230 | D:5      | Noticed Edmund
  1250 | D:4      | Killed Edmund
  1250 | D:4      | Reached skill level 5 in Fighting
  1285 | D:5      | Reached skill level 7 in Unarmed Combat
  1285 | D:5      | Reached XP level 7. HP: 50/61 MP: 5/5
  1390 | D:5      | Found a sacrificial altar of Ru.
  1413 | D:5      | Identified the Volume of Aid
  1416 | D:5      | Noticed Natasha
  1425 | D:5      | Killed Natasha
  1489 | D:5      | Noticed Natasha
  1492 | D:5      | Killed Natasha
  1776 | D:5      | Reached skill level 8 in Unarmed Combat
  1780 | D:5      | Found a snail-covered altar of Cheibriados.
  1852 | D:5      | Reached XP level 8. HP: 23/70 MP: 6/6
  2125 | D:7      | Reached skill level 5 in Dodging
  2261 | D:7      | Reached skill level 9 in Unarmed Combat
  2483 | D:7      | Reached XP level 9. HP: 60/78 MP: 7/7
  2684 | D:7      | Found a basalt altar of Yredelemnul.
  2736 | D:7      | Reached skill level 10 in Unarmed Combat
  2914 | D:6      | Found a staircase to the Ecumenical Temple.
  2924 | Temple   | Entered the Ecumenical Temple
  2933 | Temple   | Became a worshipper of Qazlal Stormbringer
  2933 | Temple   | Acquired Qazlal's first power
  2933 | Temple   | Acquired Qazlal's second power
  3291 | D:8      | Found a sparkling altar of Nemelex Xobeh.
  3331 | D:8      | Found Shrealuo's Assorted Antiques.
  3334 | D:8      | Bought a golden potion for 27 gold pieces
  3334 | D:8      | Bought a scroll labeled HATULA GENUBUA for 31 gold pieces
  3441 | D:8      | Reached skill level 11 in Unarmed Combat
  3627 | D:9      | Reached XP level 10. HP: 87/89 MP: 7/7
  3636 | D:9      | Acquired Qazlal's third power
  3837 | D:9      | Noticed a necromancer
  3846 | D:9      | Killed a necromancer
  3846 | D:9      | Reached skill level 12 in Unarmed Combat
  3977 | D:9      | Noticed a skeletal warrior
  4024 | D:9      | Acquired Qazlal's fourth power
  4091 | D:9      | Reached skill level 13 in Unarmed Combat
  4250 | D:9      | Reached XP level 11. HP: 65/97 MP: 8/8
  4263 | D:9      | Killed a skeletal warrior
  4417 | D:9      | Acquired Qazlal's fifth power
  4474 | D:10     | Entered Level 10 of the Dungeon
  4497 | D:10     | Found Jeurim's Antique Armour Emporium.
  4534 | D:10     | Bought a warped helmet for 228 gold pieces
  4534 | D:10     | Bought a cloak for 108 gold pieces
  4545 | D:10     | Identified the cursed -2 helmet of Wasted Space {+Blink rF+ rC+ MR+ Int+4} (You bought it in a shop on level 10 of the Dungeon)
  4706 | D:10     | Reached skill level 10 in Fighting
  4709 | D:10     | Found a staircase to the Lair.
  4770 | Lair:1   | Entered Level 1 of the Lair of Beasts
  4806 | Lair:1   | Reached skill level 1 in Shields
  4980 | Lair:2   | Reached skill level 14 in Unarmed Combat
  5633 | Lair:3   | Noticed a catoblepas
  5650 | Lair:3   | Killed a catoblepas
  5756 | Lair:3   | Reached XP level 12. HP: 79/108 MP: 9/9
  6220 | Lair:4   | Identified Frirauf's Handbook of Battle Magic
  6251 | Lair:4   | Noticed a four-headed hydra
  6257 | Lair:4   | Killed a four-headed hydra
  6257 | Lair:4   | Reached skill level 15 in Unarmed Combat
  6581 | Lair:5   | Noticed Harold
  6595 | Lair:5   | Killed Harold
  6675 | Lair:5   | Reached skill level 5 in Shields
  6794 | Lair:5   | Reached XP level 13. HP: 106/117 MP: 9/9
  6916 | Lair:5   | Reached skill level 10 in Dodging
  7051 | Lair:5   | Found a staircase to the Snake Pit.
  7134 | Lair:6   | Reached skill level 16 in Unarmed Combat
  7195 | Lair:6   | Noticed Erica
  7224 | Lair:6   | Killed Erica
  7799 | Lair:6   | Found a staircase to the Swamp.
  8331 | Lair:7   | Got a bloodstained leather armour
  8342 | Lair:7   | Identified the cursed +0 leather armour of Orthodoxy {rElec MR++} (You found it on level 7 of the Lair of Beasts)
  8390 | Lair:8   | Entered Level 8 of the Lair of Beasts
  8623 | Lair:8   | Reached XP level 14. HP: 67/127 MP: 10/10
  8706 | Lair:8   | Reached skill level 17 in Unarmed Combat
  8830 | Lair:8   | Noticed a dire elephant
  8868 | Lair:8   | Killed a dire elephant
  8916 | Lair:8   | Found a burning altar of Makhleb.
  9038 | Lair:8   | Found a gateway to Hell.
  9194 | Lair:8   | Found a snail-covered altar of Cheibriados.
  9367 | Hell     | Entered the Vestibule of Hell
  9367 | Hell     | Noticed a reaper
  9367 | Hell     | Noticed a reaper
  9369 | Hell     | Noticed Geryon
  9486 | Hell     | Killed a reaper
  9700 | Hell     | Found a gateway to the freezing wastes of Cocytus.
  9803 | Hell     | Reached skill level 18 in Unarmed Combat
  9940 | Hell     | Noticed a balrug
  9989 | Hell     | Killed a balrug
 10012 | Hell     | Reached XP level 15. HP: 31/136 MP: 11/11
 10598 | Hell     | Noticed a war gargoyle
 10625 | Hell     | Killed a war gargoyle
 10668 | Hell     | Killed Geryon
 10669 | Hell     | Noticed a tentacled monstrosity
 10680 | Hell     | HP: 6/138 [tentacled monstrosity (5)]
 10681 | Hell     | Mangled by a tentacled monstrosity

Action                   |  1- 3 |  4- 6 |  7- 9 | 10-12 | 13-15 || total
-------------------------+-------+-------+-------+-------+-------++-------
Melee: Unarmed           |    69 |   152 |   428 |   747 |  1232 ||  2628
Evoke: Wand              |       |       |       |     2 |    12 ||    14
  Use: Scroll            |       |     7 |     5 |    12 |     9 ||    33
       Potion            |       |       |       |     1 |    11 ||    12
 Stab: Sleeping          |     2 |     1 |     1 |       |       ||     4
       Invisible         |       |       |       |     5 |       ||     5
  Eat: Chunk             |     5 |     9 |    31 |    48 |    71 ||   164
       Royal jelly       |       |       |       |       |     2 ||     2
